 Dungeon Crawl Stone Soup version 0.20.1-1-g8b1a95d (webtiles) character file.

130 Gelerth the Skirmisher (level 5, -5/55 HPs)
             Began as an Ogre Berserker on Aug 8, 2017.
             Was a Believer of Trog.
             Slain by Gelerth's ghost (6 damage)
             ... while paralysed
             ... on level 3 of the Dungeon.
             The game lasted 00:18:26 (2362 turns).

Gelerth the Skirmisher (Ogre Berserker)             Turns: 2362, Time: 00:18:26

Health: -5/55      AC:  3    Str: 21    XL:     5   Next: 14%
Magic:  5/5        EV:  1    Int:  8    God:    Trog [**....]
Gold:   153        SH:  0    Dex:  9    Spells: 4/4 levels left

rFire    . . .     SeeInvis .   o - +0 glaive
rCold    . . .     Gourm    .   (shield currently unavailable)
rNeg     . . .     Faith    .   b - +0 animal skin
rPois    .         Spirit   .   (helmet restricted)
rElec    .         Reflect  .   (no cloak)
rCorr    .         Harm     .   (gloves unavailable)
MR       ++...                  (boots unavailable)
Stlth    +.........             e - amulet of magic regeneration
Regen    1.2/turn               (no ring)
MPRegen  0.2/turn               (no ring)

@: paralysed, lethally poisoned (-5 -> -8), berserk cooldown, regenerating,
slowed
A: unfitting armour, tough skin 1
a: Berserk, Trog's Hand, Burn Spellbooks, Renounce Religion


You were on level 3 of the Dungeon.
You worshipped Trog.
Trog was pleased with you.
You were not hungry.

You visited 1 branch of the dungeon, and saw 3 of its levels.

You collected 153 gold pieces.

Inventory:

Hand Weapons
 a - a +0 mace
 o - a +0 glaive (weapon)
Armour
 b - a +0 animal skin (worn)
 i - a +0 shield
Jewellery
 e - an amulet of magic regeneration (around neck)
 g - a cursed ring of loudness {unknown}
Scrolls
 d - 4 scrolls of teleportation
 l - 2 scrolls of remove curse {unknown}
 n - a scroll of enchant weapon {unknown}
 p - a scroll of identify {unknown}
Potions
 f - 3 potions of flight {unknown}
 h - a potion of brilliance {unknown}
 j - a potion of lignification
 k - a potion of curing {unknown}
 m - a potion of might {unknown}
Comestibles
 c - a bread ration


   Skills:
 + Level 4.9 Fighting
 + Level 3.6 Maces & Flails
 + Level 0.8 Polearms
 * Level 3.5 Dodging
 + Level 1.0 Shields


You had 4 spell levels left.
You didn't know any spells.

Dungeon Overview and Level Annotations

Branches:
Dungeon (3/15)

Altars:

Annotations:
D:3 Gelerth's ghost, amateur SpEE


Innate Abilities, Weirdness & Mutations

You are too large for most types of armour.
You have tough skin. (AC +1)


Message History

The blast of sand hits you!
* * * LOW HITPOINT WARNING * * *
You barely miss Gelerth's ghost.
Gelerth's ghost is almost destroyed.
You feel sick. Gelerth's ghost hits you.
* * * LOW HITPOINT WARNING * * *
You are lethally poisoned!
You are too berserk!
You closely miss Gelerth's ghost.
Gelerth's ghost is almost destroyed.
You are no longer berserk.
You pass out from exhaustion.
You feel yourself slow down.
* * * LOW HITPOINT WARNING * * *
You feel very sick.
Gelerth's ghost hits you but does no damage.
You feel the effects of Trog's Hand fading.
* * * LOW HITPOINT WARNING * * *
You feel sick. Gelerth's ghost hits you.
You die...

###### ##### ..>.
......
##†########.)....
#................
#.#######.#.####
#.........#
#..########
#..@W......
.......)#...[..
..###...' .....
###.#. .... ..#..
.#. ..# .. # ..#
... ...# ..#


You could see Gelerth's ghost.

Vanquished Creatures
  Robin (D:2)
  3 gnolls (D:3)
  An adder (D:2)
  A dart slug (D:1)
  5 bats
  11 giant cockroaches
  13 goblins
  8 hobgoblins
  6 jackals
  A quokka (D:2)
  6 frilled lizards
  11 kobolds
  6 rats
73 creatures vanquished.

Notes
Turn   | Place    | Note
-------+----------+-------------------------------------------
     0 | D:1      | Gelerth the Ogre Berserker began the quest for the Orb.
     0 | D:1      | Reached XP level 1. HP: 24/24 MP: 1/1
    61 | D:1      | Reached XP level 2. HP: 32/32 MP: 2/2
   240 | D:1      | Reached XP level 3. HP: 18/40 MP: 3/3
   670 | D:1      | Reached ** piety under Trog
  1221 | D:2      | Reached XP level 4. HP: 27/49 MP: 4/4
  1900 | D:2      | Noticed Robin
  1939 | D:2      | Killed Robin
  1939 | D:2      | Reached skill level 1 in Shields
  2347 | D:3      | Noticed Gelerth's ghost (amateur SpEE)
  2349 | D:3      | Reached XP level 5. HP: 37/55 MP: 5/5
  2361 | D:3      | HP: 2/55 [poisoned by Gelerth's ghost]
  2362 | D:3      | Slain by Gelerth's ghost

Skill      XL: |  1  2  3  4 |
---------------+-------------+-----
Maces & Flails | 3 |  3.6
Dodging        | 3 |  3.5
Shields        | 1 |  1.0
Fighting       | |  4.9
Polearms       | |  0.8

Action                   |  1- 3 |  4- 6 || total
-------------------------+-------+-------++-------
Melee: Mace              |   136 |    26 ||   162
       Glaive            |       |    95 ||    95
Invok: Berserk           |     1 |     3 ||     4
       Trog's Hand       |     1 |     2 ||     3
  Use: Potion            |     3 |     1 ||     4
       Scroll            |       |     1 ||     1
  Eat: Meat ration       |     1 |       ||     1
       Royal jelly       |     1 |       ||     1
       Bread ration      |       |     1 ||     1
Armor: Animal skin       |    46 |    36 ||    82
       Skin              |       |    23 ||    23
Dodge: Dodged            |    48 |    79 ||   127
Block: Shield            |    51 |    15 ||    66
